 Dungeon Crawl Stone Soup version 0.31-a0-948-gf5be29c462 (webtiles) character file.

Game seed: 15163393395772117196

1436 Morbidden the Magician (level 8, -10/45 HPs)
             Began as a Deep Elf Conjurer on Oct 21, 2023.
             Was a Follower of Cheibriados.
             Mangled by an orc
             ... wielding a +0 short sword of electrocution
              (20 damage)
             ... on level 7 of the Dungeon.
             The game lasted 00:07:53 (6627 turns).

Morbidden the Magician (Deep Elf Conjurer)          Turns: 6627, Time: 00:07:54

Health: -10/45     AC: 12    Str:  7    XL:     8   Next: 45%
Magic:  3/21       EV: 14    Int: 29    God:    Cheibriados [*.....]
Gold:   340        SH:  0    Dex: 16    Spells: 8/22 levels left

rFire   + . .        b - +1 dagger (venom)
rCold   + . .        (no shield)
rNeg    . . .        g - +0 robe
rPois   .            m - +0 helmet "Ciappuprum" {rF+ rC+ Will+}
rElec   .            s - +0 cloak
rCorr   .            (no gloves)
SInv    .            (no boots)
Will    +....        (no amulet)
Stlth   ++           r - +4 ring of protection
HPRegen 0.27/turn    f - +4 ring of protection
MPRegen 0.17/turn

%: no passive effects
@: very slow
A: no striking features
a: Renounce Religion, Bend Time


You were on level 7 of the Dungeon.
You worshipped Cheibriados.
Cheibriados was aware of your devotion.
You visited 2 branches of the dungeon, and saw 8 of its levels.

You collected 340 gold pieces.

Inventory:

Hand Weapons
 a - a +4 dagger
 b - a +1 dagger of venom (weapon)
 p - a +1 dagger of freezing
Armour
 g - a +0 robe (worn)
 h - a +0 kite shield
 m - the +0 helmet "Ciappuprum" (worn) {rF+ rC+ Will+}
   (You took it off Robin on level 2 of the Dungeon)

   rF+:       It protects you from fire.
   rC+:       It protects you from cold.
   Will+:     It increases your willpower.
 s - a +0 cloak (worn)
Jewellery
 c - a +5 ring of evasion
 f - a +4 ring of protection (right hand)
 j - a ring of protection from cold
 r - a +4 ring of protection (left hand)
 v - a ring of willpower
Wands
 l - a wand of polymorph (3)
 t - a wand of mindburst (29)
 A - a wand of digging (7)
 B - a wand of iceblast (9)
Scrolls
 d - a scroll of enchant weapon {unknown}
 e - 5 scrolls of teleportation {unknown}
 i - 2 scrolls of immolation {unknown}
 n - 2 scrolls of torment {unknown}
 o - 9 scrolls of identify {unknown}
 q - 2 scrolls of amnesia {unknown}
 w - a scroll of blinking {unknown}
 x - a scroll of butterflies {unknown}
 y - a scroll of poison {unknown}
 E - a scroll of brand weapon {unknown}
Potions
 k - 3 potions of curing {unknown}
 u - a potion of magic
 z - 2 potions of degeneration {unknown}
 C - a potion of heal wounds {unknown}
 D - a potion of cancellation {unknown}
 F - 2 potions of brilliance {unknown}


   Skills:
 * Level 2.4 Fighting
 + Level 1.1 Short Blades
 * Level 4.8 Dodging
 + Level 3.3 Stealth
 * Level 2.3 Shields
 * Level 7.8 Spellcasting
 * Level 7.5 Conjurations
 * Level 2.4 Earth Magic
 * Level 1.5 Invocations


You had 8 spell levels left.
You knew the following spells:

 Your Spells              Type           Power      Damage    Failure   Level
a - Magic Dart            Conj           100%       1d8       1%          1
b - Stone Arrow           Conj/Erth      80%        3d12      1%          3
c - Brom's Barrelling Bo  Conj/Erth      40%        2d6       6%          4
e - Searing Ray           Conj           100%       2d8       1%          2
z - Iskenderun's Mystic   Conj/Tloc      33%        2d8       10%         4

Your spell library contained the following spells:

 Spells                   Type           Power      Damage    Failure   Level
 Sandblast                Erth           50%        2d12      1%          1
 Dazzling Flash           Conj/Hex       66%        N/A       3%          3
 Passwall                 Tmut/Erth      15%        N/A       4%          2
 Cigotuvi's Dreadful Rot  Necr/Pois/Air  22%        N/A       7%          2
 Fulminant Prism          Conj/Hex       16%        3d10      10%         4
 Ozocubu's Armour         Ice            11%        N/A       14%         3
 Dispel Undead            Necr           11%        3d9       43%         4
 Metabolic Englaciation   Hex/Ice        5%         N/A       78%         5
 Death Channel            Necr           5%         N/A       100%        6
 Simulacrum               Ice/Necr       5%         N/A       100%        6


Dungeon Overview and Level Annotations

Branches:
Dungeon (7/15)             Temple (1/1) D:5

Altars:
Ashenzari
Cheibriados
Dithmenos
Elyvilon
Fedhas
Gozag
Hepliaklqana
Kikubaaqudgha
Makhleb
Nemelex Xobeh
Okawaru
Qazlal
Sif Muna
Trog
Uskayaw
Vehumet
Wu Jian
Xom
Yredelemnul
Zin
The Shining One

Annotations:
D:3 2 runed translucent doors, BinkBink's ghost, amateur GrMo


Message History

Unknown command.
Unknown command.
You hit the orc but do no damage.
The orc is poisoned.
The orc is lightly wounded.
The orc barely misses you. The orc hits you but does no damage.
Unknown command.
You hit the orc.
The orc looks as sick as possible!
You punch the orc.
The orc is heavily wounded.
The orc hits you with a +0 hand axe.
* * * LOW HITPOINT WARNING * * *
The orc barely misses you.
Unknown command.
Unknown command.
Unknown command.
You barely miss the orc.
The orc is heavily wounded.
The orc misses you. The orc hits you but does no damage.
Unknown command.
Unknown command.
You barely miss the orc.
The orc is heavily wounded.
You kill the orc!
Cheibriados appreciates the change of pace.
The orc hits you but does no damage.
Unknown command.
You hit the orc but do no damage.
The orc looks as sick as possible!
The orc is heavily wounded.
You kill the orc!
Cheibriados appreciates the change of pace.
Unknown command.
You hit the orc.
The orc is poisoned.
The orc is heavily wounded.
You kill the orc!
Cheibriados appreciates the change of pace.
Unknown command.
You start resting.
An orc is nearby!
You barely miss the orc. The orc hits you but does no damage.
You are electrocuted!!
You die...

#....+.^....#
#....#......+.......
#....#......#.......
#....#......#.......
#..<.#......#.......
#....#......#.......
#....#......#.......
#.........)o#..o....
#####.....@#.oo.....
#.######..#####. ###
#.... #......
#......# #....>.#
#......# .#######


You could see an orc.

Vanquished Creatures
  An orc warrior (D:7)
  A sky beast (D:6)
  3 ogres
  A phantom (D:6)
  A kobold brigand (D:6)
  A bullfrog (D:7)
  2 scorpions
  A howler monkey (D:6)
  4 orc priests
  2 jellies
  2 hounds
  Ijyb (D:3)
  3 orc wizards (D:6)
  2 sleepcaps
  Robin (D:2)
  8 adders
  A white imp (D:6)
  2 ufetubi (D:5)
  2 worms (D:2)
  5 dart slugs
  22 orcs
  2 endoplasms
  2 giant cockroaches
  19 goblins
  8 hobgoblins
  4 jackals (D:2)
  13 kobolds
  4 quokkas
  3 ball pythons
  7 bats
  7 frilled lizards
  3 rats
138 creatures vanquished.

Vanquished Creatures (collateral kills)
  2 boulders (D:6)
2 creatures vanquished.

Vanquished Creatures (others)
  6 boulders
6 creatures vanquished.

Grand Total: 146 creatures vanquished

Notes
Turn   | Place    | Note
-------+----------+-------------------------------------------
     0 | D:1      | Morbidden the Deep Elf Conjurer began the quest for the
                  | Orb.
     0 | D:1      | Reached XP level 1. HP: 10/10 MP: 6/6
   386 | D:1      | Reached XP level 2. HP: 15/15 MP: 4/8
   996 | D:2      | Reached skill level 5 in Conjurations
  1135 | D:2      | Reached XP level 3. HP: 19/19 MP: 7/10
  1415 | D:2      | Identified the +0 helmet "Ciappuprum" {rF+ rC+ Will+}
  1415 | D:2      | Noticed Robin
  1460 | D:2      | Killed Robin
  1485 | D:2      | Reached XP level 4. HP: 24/24 MP: 3/11
  1503 | D:2      | Learned a level 2 spell: Searing Ray
  2310 | D:3      | Reached skill level 1 in Fighting
  2525 | D:3      | Found a white marble altar of Elyvilon.
  2585 | D:3      | Reached XP level 5. HP: 29/29 MP: 9/13
  2775 | D:3      | Noticed Ijyb
  2786 | D:3      | Killed Ijyb
  3115 | D:3      | Found a runed translucent door.
  3119 | D:3      | Noticed BinkBink's ghost (amateur GrMo)
  3327 | D:3      | Found a runed translucent door.
  3467 | D:4      | Reached skill level 5 in Spellcasting
  3525 | D:4      | Reached skill level 1 in Shields
  3525 | D:4      | Reached XP level 6. HP: 21/34 MP: 8/15
  3856 | D:4      | Learned a level 3 spell: Stone Arrow
  3861 | D:4      | Learned a level 4 spell: Brom's Barrelling Boulder
  3955 | D:5      | Identified the "Fenauku"
  3955 | D:5      | Entered Level 5 of the Dungeon
  4254 | D:5      | Found a shimmering blue altar of Sif Muna.
  4321 | D:5      | Reached skill level 1 in Earth Magic
  4321 | D:5      | Reached XP level 7. HP: 39/39 MP: 0/18
  4489 | D:5      | Found a staircase to the Ecumenical Temple.
  4584 | Temple   | Entered the Ecumenical Temple
  4597 | Temple   | Became a worshipper of Cheibriados the Contemplative
  5344 | D:6      | Reached skill level 1 in Short Blades
  5521 | D:5      | Learned a level 4 spell: Iskenderun's Mystic Blast
  5657 | D:6      | Reached skill level 1 in Invocations
  5713 | D:6      | Reached XP level 8. HP: 44/44 MP: 17/20
  5717 | D:6      | Reached * piety under Cheibriados
  5780 | D:6      | Identified the +2 leather armour of Lutiezy {rElec Str+3}
  6208 | D:6      | Identified the +6 spear of Ciapp {drain, rN+}
  6627 | D:7      | Mangled by an orc

Illustrated notes

Levels and vault maps discovered:
D:1:      minmay_arrival_open_corners, layout_loops_ring
D:2:      layout_basic, uniq_robin
D:3:      layout_loops_corners, nicolae_elyvilon_peaceful_grove,
          ebering_ghost_sewer_f, uniq_ijyb
D:4:      layout_basic
D:5:      layout_basic, mainiacjoe_overflow_catwalk, minmay_temple_entry_trees
D:6:      layout_loops_ring, serial_glass, glass_columns_a, glass_columns_a,
          minmay_strange_pillars, feat_on_display, grunt_ministairs_15
D:7:      layout_gridville, mainiacjoe_overflow_concentric_impassable,
          uniq_joseph
Temple:   compressed_dpeg_triangle_lava_temple

Skill      XL: |  1  2  3  4  5  6  7  8 |
---------------+-------------------------+-----
Conjurations   | 5 6 7 |  7.5
Spellcasting   | 4 5 6 7 |  7.8
Fighting       | 1 2 |  2.4
Dodging        | 3 4 |  4.8
Shields        | 1 2 |  2.3
Stealth        | 3 |  3.3
Earth Magic    | 1 2 |  2.4
Short Blades   | 1 |  1.1
Invocations    | 1 |  1.5

Action                     |  1- 3 |  4- 6 |  7- 9 || total
---------------------------+-------+-------+-------++-------
  Melee: Dagger            |     8 |    39 |    46 ||    93
         Punch             |       |       |     3 ||     3
   Cast: Magic Dart        |    76 |    91 |    40 ||   207
         Searing Ray       |       |     6 |       ||     6
         Stone Arrow       |       |    10 |    26 ||    36
         Brom's Barrelling |       |       |    10 ||    10
 Armour: Robe              |     5 |    28 |    39 ||    72
  Dodge: Dodged            |    11 |    35 |    41 ||    87

Table legend: (Time is in decaauts)
 A = Elapsed time spent in this place.
 B = Non-inter-level travel time spent in this place.
 C = Inter-level travel time spent in this place.
 D = Time resting spent in this place.
 E = Time spent auto-exploring this place.
 F = Levels seen in this place.
 G = Mean time per level.
                   A        B        C        D        E       F      G
               +--------+--------+--------+--------+--------+-----+--------+
         Total |   6982 |   6480 |    502 |    284 |   5421 |   8 |  872.8 |
       Dungeon |   6952 |   6477 |    475 |    284 |   5421 |   7 |  993.1 |
        Temple |     30 |      3 |     27 |      0 |      0 |   1 |   30.0 |
               +--------+--------+--------+--------+--------+-----+--------+

Top non-repeatable levels by time:
     D:5: 1529 daAuts
     D:6: 1425 daAuts
     D:3: 1296 daAuts
     D:2: 1054 daAuts
     D:1: 991 daAuts
     D:4: 608 daAuts
     D:7: 46 daAuts
  Temple: 30 daAuts
